Cogmind - Beta 15 @@@ ROGUE MODE // 2025.05.19 @ 10:24:53 Player: Cess183 Result: Destroyed by 8R-AWN with 8R-AWN's Boregun Performance ------------- Evolutions (1) 500 Regions Visited (5) 1000 Robots Destroyed (48) 240 Value Destroyed (1015) 1015 Prototype IDs (24) 480 Alien Tech Used (0) 0 Bonus (300) 300 TOTAL SCORE: 3535 Bonus ------- Aligned with FarCom 300 Cogmind --------- Core Integrity 0/400 Matter 161/300 Energy 280/280 System Corruption 2% Temperature Cool (0) Movement Core (1600) Ox31 Location -9/Exiles Parts ------- > --- POWER (1) -------- Heavy Ion Engine > --- PROPULSION (4) --- (None) > --- UTILITY (2) ------ Huge Storage Unit > --- WEAPON (2) ------- Particle Gun Autogun > --- INVENTORY (25) --- Ion Engine Heavy Ion Engine Heavy Ion Engine Light Treads Light Treads Heat Sink Structural Scanner Visual Processing Unit Improved Terrain Scanner 0b10 Alert Chip Particle Gun Assault Rifle Shotgun Rocket Launcher Datajack Datajack Datajack Datajack Peak State ------------ > --- POWER ------------ Heavy Ion Engine > --- PROPULSION ------- Light Treads Light Treads Light Treads Light Treads > --- UTILITY ---------- Huge Storage Unit Seismic Detector > --- WEAPON ----------- Beam Rifle Particle Gun > --- INVENTORY -------- Ion Engine Heavy Ion Engine Heavy Ion Engine Heavy Ion Engine Light Treads Light Treads Light Treads Light Treads Light Treads Heat Sink Visual Processing Unit Improved Terrain Scanner Light Armor Plating Light Armor Plating Particle Gun Assault Rifle Autogun Shotgun Rocket Launcher Rocket Launcher Rocket Launcher Datajack Datajack Datajack Datajack [Rating: 17] Favorites ----------- Power Heavy Ion Engine Engine Heavy Ion Engine Propulsion Light Treads Treads Light Treads Utility Huge Storage Unit Device Seismic Detector Storage Huge Storage Unit Protection Light Armor Plating Weapon Particle Gun Energy Gun Particle Gun Ballistic Gun Shotgun Launcher Grenade Launcher Build | -11 -10 -10 -9 -9 -9 ------- Run | Yrd Mat Min Mat Min Exi Slots Evolved 2 | . . . 2 . . Power . | . . . . . . Propulsion 2 | . . . 2 . . Utility . | . . . . . . Weapon . | . . . . . . Parts Attached 32 | 7 5 . 4 7 9 Power 6 | 1 1 . 2 1 1 Engine 6 | 1 1 . 2 1 1 Core . | . . . . . . Reactor . | . . . . . . Propulsion 9 | 2 . . 2 3 2 Treads 9 | 2 . . 2 3 2 Leg . | . . . . . . Wheel . | . . . . . . Hover . | . . . . . . Flight . | . . . . . . Utility 6 | 2 1 . . . 3 Device 1 | 1 . . . . . Storage 3 | 1 1 . . . 1 Processor . | . . . . . . Hackware . | . . . . . . Protection 2 | . . . . . 2 Artifact . | . . . . . . Weapon 11 | 2 3 . . 3 3 Energy Gun 4 | 1 1 . . 1 1 Energy Cannon . | . . . . . . Ballistic Gun 4 | 1 1 . . 1 1 Ballistic Cannon . | . . . . . . Launcher 3 | . 1 . . 1 1 Special Weapon . | . . . . . . Impact Weapon . | . . . . . . Slashing Weapon . | . . . . . . Piercing Weapon . | . . . . . . Special Melee Weapon . | . . . . . . Unidentified Prototypes 1 | . . . 1 . . Parts Lost 12 | . 1 . . 1 10 Power 1 | . 1 . . . . Propulsion 6 | . . . . . 6 Utility 2 | . . . . . 2 Weapon 3 | . . . . 1 2 Highest Loss Streak 10 | . 1 . . 1 10 To Critical Strikes . | . . . . . . Average Backups 19 | 1 12 15 19 23 23 Power 2 | . 1 1 2 3 3 Propulsion 4 | . 4 6 5 4 3 Utility 4 | . 1 1 3 4 6 Weapon 5 | . 3 3 4 6 5 Tool/Special . | . . . . . . Unused Backups 19 | . 2 . 2 . 15 Power 3 | . . . 1 . 2 Propulsion 2 | . . . . . 2 Utility 6 | . . . . . 6 Weapon 4 | . 2 . 1 . 1 Tool/Special 4 | . . . . . 4 Average Slot Usage (%) 99 | . 99 100 99 99 99 Engine 11 | . 13 14 11 11 11 Treads 40 | . 28 28 43 44 43 Device 9 | . 14 14 11 11 4 Storage 11 | . 14 14 11 11 11 Protection 1 | . . . . . 5 Energy Gun 11 | . 14 14 11 12 10 Ballistic Gun 5 | . 2 . . 5 10 Launcher 5 | . 11 14 11 3 . Peak Build Rating 17 | 7 10 9 16 17 17 Average Rating 14 | 5 9 9 14 16 16 On Entrance 9 | . 7 9 9 16 16 Naked Turns . | . . . . . . Heaviest Build 98 | 13 90 90 95 96 98 Greatest Support 80 | 40 40 40 80 80 80 Greatest Overweight (x) 2 | 2 2 2 1 1 2 Average Overweight (x) 1 | . 1 2 1 1 1 Largest Inventory Capacity 25 | 8 25 25 25 25 25 Average Capacity 23 | 7 20 25 25 25 25 Most Carried 25 | 3 15 15 25 25 25 Average Carried 19 | 1 12 15 19 23 23 Final Capacity 25 | 8 25 25 25 25 25 Final Carried 25 | 3 15 15 25 23 18 Class Distribution -------------------- 100% | Mutant Dominant Class ---------------- Mutant | -10/Materials Mutant | -10/Mines Mutant | -9/Materials Mutant | -9/Mines Mutant | -9/Exiles Resources | -11 -10 -10 -9 -9 -9 ----------- Run | Yrd Mat Min Mat Min Exi Matter Collected 794 | 255 88 . 216 230 5 Remotely . | . . . . . . Salvage Created 1269 | 135 224 4 370 452 84 Parts 94 | 8 20 . 21 37 8 Haulers Intercepted 3 | . 1 . 2 . . Recyclers Shooed 1 | . . . 1 . . Parts Field Recycled . | . . . . . . Retrieved Matter . | . . . . . . Parts Self-Destructed . | . . . . . . Prevented . | . . . . . . Kills | -11 -10 -10 -9 -9 -9 ------- Run | Yrd Mat Min Mat Min Exi Combat Hostiles Destroyed 40 | . 7 4 9 17 3 Guns 16 | . 6 . 3 6 1 AOE 24 | . 1 4 6 11 2 Classes Destroyed 11 | 2 4 2 1 1 1 Worker 2 | . . 1 1 . . Builder 1 | . . . . 1 . Tunneler 5 | 2 . . 1 2 . Hauler 3 | . 1 . 2 . . Recycler 2 | 1 . . 1 . . Watcher 1 | . 1 . . . . Swarmer 10 | . 3 . 4 3 . Grunt 21 | . 4 . 4 13 . Sentry 1 | . . . 1 . . Zionite 1 | . . . . . 1 Assembled 8 | . . 4 . 1 3 Best Kill Streak 6 | 1 4 5 4 6 5 Combat Bots Only 5 | . 4 4 4 5 3 Max Kills in Single Turn 3 | 1 2 3 3 3 2 Gunslinging . | . . . . . . Exploded 3 | . 1 3 3 3 1 Melee . | . . . . . . Uniques/NPCs Destroyed 1 | . . . . . 1 EX-HEX (-9/Exiles) Combat | -11 -10 -10 -9 -9 -9 -------- Run | Yrd Mat Min Mat Min Exi Hostile Shots Fired 187 | . 37 1 28 46 75 Missed 42 | . 10 . 6 10 16 Hits 145 | . 27 1 22 36 59 Melee 1 | . . . . . 1 Projectile 144 | . 27 1 22 36 58 Critical Strikes 2 | . . . . . 2 Part Disruptions 2 | . . . . . 2 Damage Taken 2634 | . 263 39 244 625 1463 Core 451 | . 38 . 35 57 321 Absorbed by Shields . | . . . . . . Regen/Repaired (Parts) 42 | . . . 42 . . Core Remaining (%) 92 | 100 . 84 . . . Volleys Fired 103 | 9 14 2 25 39 14 Largest 2 | 2 2 2 2 2 2 Hottest 121 | 70 95 95 95 121 98 Shots Fired 171 | 18 27 4 30 73 19 Gun 140 | 18 22 2 25 59 14 Cannon . | . . . . . . Launcher 31 | . 5 2 5 14 5 Special . | . . . . . . Kinetic 31 | 9 8 . . 6 8 Thermal 109 | 9 14 2 25 53 6 Explosive 31 | . 5 2 5 14 5 Electromagnetic . | . . . . . . Robot Hit Streak 12 | 5 4 3 5 12 6 Robot Miss Streak 4 | 3 4 1 4 4 2 Penetration Max . | . . . . . . Secondary Targets 2 | . 1 . . 1 . Max Gunslinging Chain 1 | . 1 . . 1 . Shots Hit Robots 92 | 12 13 3 16 35 13 Core Hits 85 | 4 15 7 19 28 12 Critical Kills . | . . . . . . Critical Parts Destroyed . | . . . . . . Critical Strikes 7 | . . . 1 5 1 Burn 7 | . . . 1 5 1 Melee Attacks . | . . . . . . Impact . | . . . . . . Slashing . | . . . . . . Piercing . | . . . . . . Sneak Attacks . | . . . . . . Combat Hostiles . | . . . . . . Follow-up Attacks . | . . . . . . Damage Inflicted 3080 | 148 405 162 692 1228 445 Guns 1219 | 148 154 15 242 498 162 Cannons . | . . . . . . Explosions 1782 | . 251 140 405 703 283 Melee . | . . . . . . Ramming 79 | . . 7 45 27 . Kinetic 358 | 86 75 . . 93 104 Thermal 861 | 62 79 15 242 405 58 Explosive 1782 | . 251 140 405 703 283 Electromagnetic . | . . . . . . Impact . | . . . . . . Slashing . | . . . . . . Piercing . | . . . . . . Highest Corruption 2 | . . . 2 2 2 Average Corruption 2 | . . . 2 2 2 Corruption Purged . | . . . . . . Corruption Blocked . | . . . . . . Effects 36 | . . . 16 8 12 Message Errors 10 | . . . 4 2 4 Matter Fused 6 | . . . 4 1 1 Heat Flow Errors 4 | . . . 1 2 1 Energy Discharges 6 | . . . 3 2 1 Parts Fused 3 | . . . . 1 2 Data Loss (minor) 4 | . . . 3 . 1 Data Loss (major) 1 | . . . 1 . . Misfires 1 | . . . . . 1 Weapon Failures 1 | . . . . . 1 Overload Shots . | . . . . . . Overflow Damage 31 | . . . . 31 . Projectiles . | . . . . . . Explosions 31 | . . . . 31 . Melee . | . . . . . . Knockbacks 1 | . . . 1 . . Impact 1 | . . . 1 . . Kinetic . | . . . . . . Secondary . | . . . . . . Self-Inflicted Damage 301 | . . 19 . 241 41 Shots 13 | . . 1 . 10 2 Rammed 5 | . . 1 2 2 . Targets Rammed 6 | . . 2 2 2 . Kicked . | . . . . . . Crushed 1 | . . 1 . . . Highest Temperature 559 | 45 135 66 238 559 208 Average Temperature 112 | 17 61 35 50 188 56 Received Heat Transfer 409 | . 63 . 48 198 100 Effects 7 | . . . . 7 . Shutdowns 2 | . . . . 2 . Energy Bleed 3 | . . . . 3 . Short Circuit 1 | . . . . 1 . Damage (major) 1 | . . . . 1 . Siege Activations . | . . . . . . Martial Activations . | . . . . . . Shielding Activations . | . . . . . . Robots Disrupted . | . . . . . . Combat Hostiles . | . . . . . . Robots Corrupted . | . . . . . . Combat Hostiles . | . . . . . . Parts Fried . | . . . . . . Impact Corruptions . | . . . . . . Robots Melted . | . . . . . . Combat Hostiles . | . . . . . . Parts Melted 4 | . . . . 1 3 Heat Transferred 2627 | 185 185 37 629 1369 222 Parts Sabotaged . | . . . . . . Parts Stolen . | . . . . . . Parts Stripped . | . . . . . . Power Chain Reactions . | . . . . . . Alert | -11 -10 -10 -9 -9 -9 ------- Run | Yrd Mat Min Mat Min Exi Maximum Alert Level 1 | . . . . 1 . Low Security (%) 99 | 100 100 100 100 98 . Level 1 . | . . . . 1 . Level 2 . | . . . . . . Level 3 . | . . . . . . Level 4 . | . . . . . . Level 5 . | . . . . . . High Security . | . . . . . . Max Security . | . . . . . . Peak Influence 207 | 5 114 18 150 207 . Initial 18 | . . 18 . 11 . Average 59 | . 27 5 45 110 . Influence Increases 1047 | 15 230 20 310 472 . Destroy 0b10 Robot/C 640 | . 140 . 180 320 . Destroy 0b10 Robot/NC 70 | 15 10 5 25 15 . Destroy Leader 108 | . 34 . 44 30 . Successful Hack 19 | . 5 . 14 . . Disable Machine 45 | . . . 15 30 . Destroy Structure 150 | . 26 15 32 77 . Lose Combat Pursuer 15 | . 15 . . . . Influence Decreases 1047 | 15 181 69 280 433 69 Entered New Map 119 | . . 31 . 19 69 Time Decay 908 | 15 171 38 280 404 . Lost Part 20 | . 10 . . 10 . Squads Dispatched 4 | . 1 . 2 1 . Investigation 1 | . . . 1 . . Extermination . | . . . . . . Reinforcement 3 | . 1 . 1 1 . Assault . | . . . . . . Garrison . | . . . . . . Intercept . | . . . . . . Searches Triggered . | . . . . . . Construction Impeded 1 | . . . . 1 . Haulers Reinforced . | . . . . . . Active Scanning Responses . | . . . . . . Cargo Convoy Interrupts . | . . . . . . Stealth | -11 -10 -10 -9 -9 -9 --------- Run | Yrd Mat Min Mat Min Exi Distress Signals 2 | . 2 . . . . Communications Jammed . | . . . . . . Distress Signals . | . . . . . . Times Spotted 56 | . 13 4 13 17 9 Peak Tracking Total 11 | . 3 4 4 4 11 Tactical Retreats 2 | . 1 . . . 1 Traps | -11 -10 -10 -9 -9 -9 ------- Run | Yrd Mat Min Mat Min Exi Traps Triggered 1 | . . . 1 . . Indirectly . | . . . . . . Trap Hack Attempts . | . . . . . . Triggered . | . . . . . . Disarmed . | . . . . . . Reprogrammed . | . . . . . . Reused . | . . . . . . Traps Extracted . | . . . . . . Installed . | . . . . . . Triggered . | . . . . . . Machines | -11 -10 -10 -9 -9 -9 ---------- Run | Yrd Mat Min Mat Min Exi Machines Disabled 7 | . . . 1 2 4 Max in Single Turn 2 | . . . 1 2 2 Machines Repaired . | . . . . . . Machines Dismantled . | . . . . . . Machines Sabotaged . | . . . . . . Overloaded Fab Kills . | . . . . . . Hacking | -11 -10 -10 -9 -9 -9 --------- Run | Yrd Mat Min Mat Min Exi Machines Accessed 7 | . 3 . 3 . 1 Terminals 5 | . 3 . 2 . . Fabricators . | . . . . . . Repair Stations 1 | . . . 1 . . Recycling Units . | . . . . . . Scanalyzers . | . . . . . . Garrison Access . | . . . . . . Total Hacks 8 | . 4 . 3 . 1 Successful 4 | . 1 . 2 . 1 Failed 4 | . 3 . 1 . . Catastrophic 1 | . 1 . . . . Database Lockouts . | . . . . . . Manual 6 | . 2 . 3 . 1 Terminals 6 | . 4 . 2 . . Fabricators . | . . . . . . Repair Stations 1 | . . . 1 . . Recycling Units . | . . . . . . Scanalyzers . | . . . . . . Garrison Access . | . . . . . . Terminal Hacks 1 | . . . . . 1 Proto ID Catalog 1 | . . . . . 1 Fabricator Hacks . | . . . . . . Repair Station Hacks . | . . . . . . Recycling Unit Hacks . | . . . . . . Scanalyzer . | . . . . . . Garrison Access Hacks . | . . . . . . Unauthorized Hacks 3 | . 1 . 2 . . Terminals 2 | . 1 . 1 . . Botnet 2 | . 1 . 1 . . Fabricators . | . . . . . . Repair Stations 1 | . . . 1 . . Patch 1 | . . . 1 . . Recycling Units . | . . . . . . Scanalyzers . | . . . . . . Garrison Access . | . . . . . . Data Cores Recovered . | . . . . . . Used . | . . . . . . Hacking Detections 4 | . 2 . 2 . . Full Trace Events . | . . . . . . Feedback Events . | . . . . . . Feedback Blocked . | . . . . . . Robot Schematics Acquired . | . . . . . . Robots Built . | . . . . . . Authchips . | . . . . . . Time . | . . . . . . Total Robot Build Rating . | . . . . . . Part Schematics Acquired . | . . . . . . Parts Built . | . . . . . . Authchips . | . . . . . . Time . | . . . . . . Total Part Build Rating . | . . . . . . Parts Repaired . | . . . . . . Time . | . . . . . . Parts Recycled . | . . . . . . Recycled Matter . | . . . . . . Retrieved Matter . | . . . . . . Retrieved Components . | . . . . . . Parts Scanalyzed . | . . . . . . Part Schematics Acquired . | . . . . . . Parts Damaged . | . . . . . . Bothacking | -11 -10 -10 -9 -9 -9 ------------ Run | Yrd Mat Min Mat Min Exi Used RIF Installer . | . . . . . . Robots Hacked . | . . . . . . Non-combat . | . . . . . . Combat . | . . . . . . Robot Hacks Applied . | . . . . . . Relay Couplers Released . | . . . . . . Fabnet Peak Effective % . | . . . . . . Robots Rewired . | . . . . . . Allies Hacked . | . . . . . . Hacks Repelled . | . . . . . . Allies | -11 -10 -10 -9 -9 -9 -------- Run | Yrd Mat Min Mat Min Exi Total Allies . | . . . . . . Largest Group . | . . . . . . Highest-Rated Group . | . . . . . . Highest-Rated Ally . | . . . . . . Total Orders . | . . . . . . Ally Attacks . | . . . . . . Total Damage . | . . . . . . Kills . | . . . . . . Allies Corrupted . | . . . . . . Allies Melted . | . . . . . . Intel | -11 -10 -10 -9 -9 -9 ------- Run | Yrd Mat Min Mat Min Exi Active Infowar (turns) 3349 | 50 657 133 960 971 578 Seismic 3349 | 50 657 133 960 971 578 Robot Analysis Total . | . . . . . . Derelict Logs Recovered 1 | . . . . 1 . Drone Launches . | . . . . . . Drone Recoveries . | . . . . . . Exploration | -11 -10 -10 -9 -9 -9 ------------- Run | Yrd Mat Min Mat Min Exi Turns Passed 4201 | 166 657 133 960 971 1314 Spaces Moved 1476 | 84 219 38 267 341 527 Core 15 | 15 . . . . . Treads 1461 | 69 219 38 267 341 527 Legs . | . . . . . . Wheels . | . . . . . . Hover . | . . . . . . Flight . | . . . . . . Fastest Speed 50 | 50 160 320 240 240 240 Average Speed 240 | 149 264 320 240 240 240 Slowest Speed 320 | 160 320 320 240 240 320 Overloaded Moves . | . . . . . . Propulsion Burnouts . | . . . . . . Robots Hopped . | . . . . . . Potential Cave-ins . | . . . . . . Cave-ins Triggered . | . . . . . . Exploration Rate (%) 35 | 6 32 12 24 51 86 Regions Visited 5 Branch Regions 3 Pre-discovered Areas 1 | . . . . 1 . Known Exits Taken . | . . . . . . Unknown Exits Taken 5 | 1 1 1 1 1 . Scrap Searched 2 | . . . . 2 . Spaces Dug 11 | . . . . 11 . Terrain Destroyed 211 | . 28 18 34 122 9 Melee . | . . . . . . Projectile . | . . . . . . AOE 211 | . 28 18 34 122 9 Terrain Rammed . | . . . . . . Walls Destroyed . | . . . . . . Machines Disabled . | . . . . . . Actions | -11 -10 -10 -9 -9 -9 --------- Run | Yrd Mat Min Mat Min Exi Total 1949 | 104 272 43 554 419 557 Wait 281 | . 16 2 241 22 . Move 1471 | 83 218 37 266 340 527 Hop . | . . . . . . Pick Up 40 | 5 14 . 14 4 3 Fast Attach 6 | 5 1 . . . . Attach 13 | 2 . . 2 2 7 Detach 2 | . . . . . 2 Swap 13 | . 4 . 2 5 2 Drop 14 | . 5 . 2 5 2 Fire 103 | 9 14 2 25 39 14 Melee . | . . . . . . Ram . | . . . . . . Kick . | . . . . . . Crush 6 | . . 2 2 2 . Escape Stasis . | . . . . . . Rewire . | . . . . . . Trap . | . . . . . . Miscellaneous . | . . . . . . Route ------- -11/Scrapyard -10/Materials -10/Mines -9/Materials -9/Mines -9/Exiles History --------- Turn | Location | Event 19 | -11/Scrapyard | Discovered new exit (range 15) 167 | -11/Scrapyard | Entered Materials 330 | -10/Materials | Build established: Mutant 672 | -10/Materials | Discovered new exit (range 8) 824 | -10/Materials | Entered Mines 825 | -10/Mines | Assembled infested the area 830 | -10/Mines | Assisted by a Guerilla fighting off Assembled 890 | -10/Mines | Discovered new exit (range 15) 957 | -10/Mines | Entered Materials 957 | -9/Materials | Evolved 2 slots: Propulsion x2 1879 | -9/Materials | Discovered new exit (range 16) 1917 | -9/Materials | Entered Mines 1918 | -9/Mines | Learned location of Storage (-9) 2033 | -9/Mines | Excavation squad dispatched 2033 | -9/Mines | A large section of the Mines collapsed 2283 | -9/Mines | Excavation squad dispatched 2533 | -9/Mines | Excavation squad dispatched 2656 | -9/Mines | Learned Materials garrison access intel 2783 | -9/Mines | Excavation squad dispatched 2879 | -9/Mines | Deemed a non-threat by the Exiles lab entrance 2879 | -9/Mines | Discovered new exit (range 5) 2888 | -9/Mines | Entered Exiles 2946 | -9/Exiles | Met 8R-AWN 2987 | -9/Exiles | Met EX-HEX 3059 | -9/Exiles | Met EX-BIN 3088 | -9/Exiles | Aligned with FarCom system 3090 | -9/Exiles | Given EX-Vault access code 3148 | -9/Exiles | Opened EX-Vault 3217 | -9/Exiles | Warned to stay clear of 0b10 Research branches 3277 | -9/Exiles | Found 0b10 Alert Chip 3504 | -9/Exiles | Met EX-DEC 3591 | -9/Exiles | Visited The Gauntlet 4152 | -9/Exiles | Attacked by the Exiles 4166 | -9/Exiles | Destroyed EX-HEX 4170 | -9/Exiles | Core integrity fell below 50% 4176 | -9/Exiles | Core integrity fell below 20% 4202 | -9/Exiles | Destroyed by 8R-AWN with 8R-AWN's Boregun Last Messages --------------- 04175_ Penetrated by HV Slug. 04176_ The unstable cave ceiling collapses. 04177_ Penetrated by HV Slug. 04177_ Lgt. Treads destroyed. 04177_ Penetrated by HV Slug. 04179_ HV Slug penetrates Wall. 04179_ HV Slug penetrates Machine. 04179_ Machine disabled. 04179_ HV Slug penetrates Machine. 04181_ Acquired 5 matter. 04181_ Lgt. Armor Plating destroyed. 04183_ Penetrated by HV Slug. 04183_ HV Slug penetrates Wall. 04183_ Penetrated by HV Slug. 04183_ HV Slug penetrates Wall. 04188_ Rocket Launcher destroyed. 04190_ System corrupted: Autogun jammed. 04195_ as-22680 destroyed. 04200_ Lgt. Treads destroyed. 04202_ Penetrated by HV Slug. Map ----- +----------------------------------------------------+ | ??????### ###??????##"" #????????????????????? | | ###???### ###?######"" #????????????????????? | | ""#####X# #"###""""""" ##???????????????????? | | """""" " "" ##???###########????? | | "" """ " #####"""""""""##???? | | " " " """ """"##??? | | "" " #??? | | " """#??? | | " "#??? | | " "##?? | | #" ""### | | #""" """""" """# | | #" ######""" "# | | "" ""##????#####""" # | | """ """##?????????##""" | | "" """##???????????#"""" | | "" ""#????????#####"" | | " ########### #"" | | "" ##aa% " | | " ! | | "" % g= | | """" a a | | # % % a " | | #" %a """ "" | | #"""" ""## # " ""#" "# | | #"" ""###; @##### """ """##"""""""## | | #" """"##?## #????###""""###########? | | #""" """#??##! ####???######??????????? | | ## ""##??#! "!#???????????????????? | | ?#"" """##???#" !#???????????????????? | | ?##""" ##????#" "#???????????????????? | | ??##"""" ##?????#! ""!"#???????????????????? | | ???### #??????########???????????????????? | | ?????##### ##?????????????????????????????????? | | ?????????## #??????????????????????????????????? | | ??????????# #??????????????????????????????????? | | ??????????# #??????????????????????????????????? | | ??????????# #??????????????????????????????????? | | ?###??????# #??????????????????????????????????? | | """""?????# #??????????????????????????????????? | | """""""???# #??????????????????????????????????? | | " """"#??# #??????????????????????????????????? | | "" """???# #??????????????????????????????????? | | "" ""???# #??????????????????????????????????? | | ##"""###### #######????????????????????????????? | | "" """""" """""""#???????????????????????????? | | " "#""?????????????????????????? | | " ????????????????????????? | | " "????????????????????????? | | " "????????????????????????? | +----------------------------------------------------+ Best States ------------- Heat Dissipation 28 Energy Generation 14 Energy Capacity 280 Matter Stores 300 Matter Capacity 300 Sight Range 16 Terrain Scan Density 10 Armor Coverage 150 Evasion (%) 40 Recoil Reduction 4 Item Schematics ----------------- None Robot Schematics ------------------ None Fabricated ------------ Nothing Repaired ---------- Nothing Alien Tech Used ----------------- None Achievements -------------- None Challenges ------------ None Game ------ Seed HardcellMasterDerivative Manual? 0 Play Time 00:27:40 Cumulative 22.6 hours Start 2025.05.19 @ 09:59:24 End 2025.05.19 @ 10:24:53 Sessions 1 Manual Loads 0 Difficulty Rogue Special Mode None Game No. 30 Rogue 30 Adventurer 0 Explorer 0 Win Type - Total 0 Types 0/0/0/0/0/0/0/0/0/0 Lore% 27 Gallery% 19 Achievement% 20 Wizard Run 0 Options --------- Layout 1 ASCII 0 Keyboard 1 Movement Vi Keybinds 0 Fullscreen 1 Font 24/Smallcaps Map View 50x35 Zoom Use 0% Tactical HUD 1 Map Filters NONE Filters NONE Steam 1 RUN: 8ff3c2ed-59c0-4111-b3ce-b72370bbefc6